 Dungeon Crawl Stone Soup version 0.19.5 (webtiles) character file.

284723 send the Tortoise (level 20, -9/189 HPs)
             Began as a Hill Orc Berserker on Apr 10, 2017.
             Was a High Priest of Trog.
             Mangled by a vault warden simulacrum (36 damage)
             ... on level 2 of the Vaults on Apr 13, 2017.
             The game lasted 04:02:50 (61704 turns).

send the Tortoise (Hill Orc Berserker)             Turns: 61704, Time: 04:02:51

Health: -9/189     AC: 30    Str: 37    XL:     20   Next: 59%
Magic:  0/20       EV: 14    Int:  9    God:    Trog [*****.]
Gold:   2749       SH:  0    Dex: 11    Spells: 0 memorised, 19 levels left

rFire  + . .     SeeInvis +     a - +9 whip of Light {flame, *Slow rF+ Str+4 SInv}
rCold  . . .     Gourm    .     p - +2 crystal plate armour
rNeg   . . .     Faith    .     (no shield)
rPois  +         Spirit   +     (no helmet)
rElec  .         Reflect  .     N - +2 cloak {MR+}
rCorr  .         Harm     .     v - +0 pair of gloves
MR     +++..                    W - +2 pair of boots {Stlth+}
Stlth  ..........               i - amulet of guardian spirit
                                S - ring of Sugeo {rPois Stlth+}
                                V - ring of protection from magic

@: mighty, slowed, very slow
A: clever 1, deformed body
a: Berserk, Trog's Hand, Brothers in Arms, Burn Spellbooks, Renounce Religion
}: 2/15 runes: decaying, serpentine


You were on level 2 of the Vaults.
You worshipped Trog.
Trog was extremely pleased with you.
You were hungry.

You visited 7 branches of the dungeon, and saw 34 of its levels.
You also visited: Ice Cave.

You collected 3662 gold pieces.
You spent 913 gold pieces at shops.

Inventory:

Hand Weapons
 a - the +9 whip of Light (weapon) {flame, *Slow rF+ Str+4 SInv}
   (You found it on level 8 of the Dungeon)

   It has been specially enchanted to burn those struck by it, causing extra
   injury to most foes and up to half again as much damage against particularly
   susceptible opponents.
   It affects your strength (+4).
   It protects you from fire.
   It lets you see invisible.
   It may slow you when you take damage.
 b - a +9 triple crossbow of flaming
Missiles
 y - 339 bolts
Armour
 p - a +2 crystal plate armour (worn)
 v - a +0 pair of gloves (worn)
 N - a +2 cloak of magic resistance (worn)
 W - a +2 pair of boots of stealth (worn)
Jewellery
 i - an amulet of guardian spirit (around neck)
 k - an uncursed ring of ice
 m - an uncursed ring of protection from cold
 n - an uncursed ring of protection from fire
 G - an uncursed ring of positive energy
 S - the ring of Sugeo (right hand) {rPois Stlth+}
   (You found it on level 4 of the Lair of Beasts)

   [ring of poison resistance]

   It protects you from poison.
   It makes you more stealthy.
 V - a ring of protection from magic (left hand)
Wands
 d - a wand of paralysis (19/24)
 e - a wand of flame (28/48)
 j - a wand of slowing (32/48)
 l - a wand of slowing (33/48)
 q - a wand of teleportation (4/9)
 r - a wand of lightning (6/15)
 w - a wand of disintegration (18/24)
 D - a wand of iceblast (10/15)
 E - a wand of digging (5/24)
 F - a wand of lightning (5/15)
 H - a wand of flame (19/48)
 I - a wand of hasting (2/9)
 K - a wand of acid (4/15)
 M - a wand of paralysis (13/24)
 O - a wand of iceblast (5/15)
 P - a wand of polymorph (13/24)
 R - a wand of disintegration (21/24)
Scrolls
 f - a scroll of blinking
 g - 2 scrolls of enchant weapon
 h - 4 scrolls of identify
 t - 10 scrolls of teleportation
 z - 3 scrolls of fog
 B - 2 scrolls of magic mapping
 C - 2 scrolls of fear
 J - 16 scrolls of remove curse
 T - 4 scrolls of holy word
Potions
 s - 5 potions of flight
 u - 3 potions of agility
 x - 5 potions of cancellation
 A - 2 potions of brilliance
 L - 3 potions of might
 X - 2 potions of cure mutation
 Z - a potion of invisibility
Comestibles
 c - 17 bread rations
 o - 11 meat rations


   Skills:
 - Level 18.7 Fighting
 - Level 15.6 Maces & Flails
 - Level 14.0 Crossbows
 - Level 0.8 Throwing
 - Level 19.1 Armour
 + Level 14.7 Dodging
 - Level 1.0 Evocations


You had 19 spell levels left.
You didn't know any spells.

Dungeon Overview and Level Annotations

Branches:
Dungeon (15/15)            Temple (0/1) D:7            Lair (6/6) D:10
  Swamp (4/4) Lair:4        Snake (4/4) Lair:2        Slime (0/5) Lair:5
    Orc (2/2) D:10            Elf (1/3) Orc:2        Vaults (2/5) D:13
  Crypt (0/3) Vaults:2     Depths (0/5) D:15

Altars:
Ashenzari
Dithmenos
Fedhas
Gozag
Hepliaklqana
Nemelex Xobeh
Uskayaw
Xom
Yredelemnul
Jiyva

Shops:
Orc:2 %=:[


Innate Abilities, Weirdness & Mutations

Your mind is acute. (Int +2)
Armour fits poorly on your strangely shaped body.


Message History

The stone giant hits you!!
You whack the stone giant! You burn the stone giant.
The stone giant is moderately wounded.
The hornet stings you but does no damage.
You hit the stone giant. You burn the stone giant.
The stone giant is moderately wounded.
The vault warden simulacrum closely misses you.
The red ugly thing gores you!
You are engulfed in flames!
You resist.
The hornet stings you but does no damage.
The stone giant hits you!!
* * * LOW HITPOINT WARNING * * *
You feel very mighty all of a sudden. The hornet stings you!
* * * LOW HITPOINT WARNING * * *
You feel yourself slow down.
The red ugly thing gores you but does no damage.
The stone giant misses you. The vault warden simulacrum hits you.
* * * LOW HITPOINT WARNING * * *
The vault warden simulacrum freezes you!!!
You die... #.....# #...$.# #.....# .JJJJ#

###################..
..................#..
......(...........'.
.......(uuC.......#
......(.y@........#
.(((....Z.........# ###
'############.....#....
#.....#....
##########.....'...
#.......##.....#..
#....(..##.....# .
#.......##.....#
#.......##.....#


You could see a stone giant, 2 ugly things, a large slime creature, 3 slime
creatures, a hornet and a vault warden simulacrum.

Vanquished Creatures
  Rupert (Orc:2)
  A sphinx (D:14)
  Kirke (Swamp:1)
  5 thorn hunters
  9 nagarajas
  A frost giant (Vaults:2)
  4 ironheart preservers (Vaults:1)
  6 very ugly things
  2 entropy weavers (Lair:5)
  Snorg (Lair:5)
  A death ooze (Swamp:4)
  A great orb of eyes (Vaults:1)
  2 green deaths (Swamp:4)
  A yaktaur captain (Vaults:1)
  A deep elf high priest (Elf:1)
  An ice dragon (Vaults:2)
  2 hell beasts (Swamp:4)
  22 naga warriors
  15 hydras
  A rakshasa (D:15)
  A catoblepas (D:14)
  2 ghost crabs
  8 centaur warriors
  15 anacondas
  3 death yaks (Lair:5)
  An ogre mage (D:15)
  A dancing weapon (Orc:2)
  16 alligators
  The ghost of nano the Covert, a novice NaEn of Ashenzari (D:8)
  3 orc high priests (Orc:2)
  5 shock serpents
  A vampire mage (Vaults:2)
  16 naga sharpshooters
  2 deep elf knights
  4 unseen horrors
  3 deep trolls (Vaults:1)
  A spriggan druid (Swamp:3)
  9 skeletal warriors
  3 wizards
  9 swamp dragons
  8 naga ritualists
  6 hill giants
  4 shambling mangroves
  3 deep elf archers (Vaults:1)
  A phantasmal warrior (D:13)
  An ironbrand convoker (Vaults:1)
  4 wolf spiders
  A harpy (shapeshifter) (D:15)
  2 large abominations (Swamp:4)
  A necromancer (D:14)
  6 orc sorcerers
  A wolf spider zombie (D:14)
  12 deep elf magi
  7 manticores
  5 orc knights
  9 mana vipers
  37 ugly things
  A faun (shapeshifter) (D:14)
  7 cyclopes
  8 salamanders
  23 elephants
  2 vault sentinels (Vaults:1)
  5 ice statues (IceCv)
  40 black mambas
  5 guardian serpents
  29 naga magi
  22 spiny frogs
  6 centaur skeletons
  2 rime drakes
  2 orange demons (Swamp:4)
  A kobold demonologist (D:11)
  8 komodo dragons
  6 yaktaurs
  3 freezing wraiths
  A yaktaur (shapeshifter) (D:15)
  2 tengu conjurers (D:14)
  13 trolls
  4 tyrant leeches
  A queen bee (Lair:3)
  22 hornets
  6 polar bears (Lair:6)
  4 two-headed ogres
  15 blink frogs
  13 bog bodies
  30 slime creatures
  14 hippogriffs
  A hippogriff (shapeshifter) (D:15)
  A centaur simulacrum (D:14)
  2 meliai zombies
  A redback (Lair:6)
  A water elemental (D:12)
  24 spriggans
  A spriggan (shapeshifter) (D:14)
  4 shadows
  5 wyverns
  Sigmund (D:5)
  2 hogs (shapeshifter)
  55 yaks
  3 dire elephant simulacra (IceCv)
  4 vampires
  A hog (Swamp:1)
  4 basilisks
  20 vampire mosquitoes
  3 wraiths
  3 iron troll simulacra (IceCv)
  2 hungry ghosts
  Menkaure (D:5)
  5 wargs
  4 mottled dragons
  5 soldier ants
  3 harpy simulacra
  54 nagas
  24 water moccasins
  Duvessa (D:5)
  5 insubstantial wisps
  A hydra simulacrum (IceCv)
  25 swamp worms
  6 sky beasts
  9 porcupines
  A meliai simulacrum (D:13)
  A hornet zombie (D:15)
  8 swamp drakes
  4 black bears
  42 orc warriors
  12 ice beasts
  A necrophage (D:11)
  21 ogres
  28 wolves
  3 eyes of draining
  3 phantoms
  6 boggarts
  16 crocodiles
  A small abomination (Swamp:4)
  14 centaurs
  A big kobold (D:14)
  15 bullfrogs
  A wyvern zombie (D:14)
  A gnoll sergeant (D:9)
  Dowan (D:5)
  A wyvern skeleton (D:13)
  4 scorpions
  31 killer bees
  A human simulacrum (Vaults:1)
  17 wights
  3 howler monkeys
  7 electric eels
  5 crimson imps
  A bullfrog zombie (D:5)
  7 centaur zombies
  A jelly (D:12)
  35 orc wizards
  A gnoll shaman (Orc:1)
  29 orc priests
  7 hounds
  3 bullfrog skeletons
  Natasha (thrice) (D:3)
  8 iguanas
  13 worker ants
  2 hound zombies
  3 hound skeletons
  4 worker ant zombies
  12 gnolls
  19 adders
  4 shadow imps
  An ooze (D:4)
  An adder skeleton (D:4)
  A worm (shapeshifter) (D:15)
  4 worms
  15 dart slugs
  5 leopard geckos
  107 orcs
  2 ball pythons
  9 bats
  6 giant cockroaches
  9 hobgoblins
  7 jackals
  5 quokkas
  9 frilled lizards
  7 goblins
  8 kobolds
  A leopard gecko zombie (D:8)
  7 rats
  3 briar patches
  A fungus (D:10)
  3 plants
1478 creatures vanquished.

Vanquished Creatures (collateral kills)
  2 nagarajas (Snake:4)
  2 naga warriors (Snake:4)
  An anaconda (Snake:4)
  3 naga sharpshooters (Snake:4)
  5 naga magi (Snake:4)
  3 nagas (Snake:4)
16 creatures vanquished.

Vanquished Creatures (others)
  A human (Swamp:1)
  A naga (Snake:2)
  A jelly (D:14)
  2 briar patches (Swamp:4)
  A bush (Lair:6)
  16 fungi
  17 plants
39 creatures vanquished.

Grand Total: 1533 creatures vanquished

Notes
Turn   | Place    | Note
-------+----------+-------------------------------------------
     0 | D:1      | send the Hill Orc Berserker began the quest for the Orb.
     0 | D:1      | Reached XP level 1. HP: 19/19 MP: 1/1
   210 | D:1      | Reached XP level 2. HP: 26/26 MP: 2/2
   693 | D:1      | Reached XP level 3. HP: 31/31 MP: 3/3
  1378 | D:2      | Reached ** piety under Trog
  1517 | D:2      | Reached skill level 5 in Maces & Flails
  1662 | D:2      | Reached XP level 4. HP: 39/39 MP: 4/4
  2635 | D:3      | Reached XP level 5. HP: 41/45 MP: 5/5
  2927 | D:3      | Reached *** piety under Trog
  2930 | D:3      | Noticed Natasha
  2947 | D:3      | Killed Natasha
  3259 | D:3      | Found a basalt altar of Yredelemnul.
  3293 | D:3      | Noticed Natasha
  3302 | D:3      | Killed Natasha
  3523 | D:3      | Noticed Natasha
  3532 | D:3      | Killed Natasha
  3633 | D:3      | Reached XP level 6. HP: 50/51 MP: 6/6
  3944 | D:4      | Found a hazy altar of Hepliaklqana.
  4504 | D:4      | Reached XP level 7. HP: 20/57 MP: 7/7
  5091 | D:4      | Got a heavily runed leather armour
  5102 | D:4      | Identified the cursed +0 leather armour of the Scribe {Str+4 Int+6} (You found it on level 4 of the Dungeon)
  5161 | D:5      | Entered Level 5 of the Dungeon
  5161 | D:5      | Noticed Sigmund
  5587 | D:5      | Killed Sigmund
  5664 | D:5      | Noticed Dowan
  5665 | D:5      | Noticed Duvessa
  5702 | D:5      | Killed Duvessa
  5702 | D:5      | Reached skill level 3 in Armour
  5702 | D:5      | Reached XP level 8. HP: 67/67 MP: 2/8
  5709 | D:5      | Killed Dowan
  5709 | D:5      | Reached skill level 5 in Fighting
  5848 | D:5      | Noticed Menkaure
  5854 | D:5      | Killed Menkaure
  6081 | D:5      | Reached skill level 4 in Armour
  6734 | D:6      | Reached **** piety under Trog
  7090 | D:6      | Reached skill level 5 in Armour
  7090 | D:6      | Reached XP level 9. HP: 79/79 MP: 9/9
  8199 | D:7      | Found a staircase to the Ecumenical Temple.
  8574 | D:7      | Found a sparkling altar of Nemelex Xobeh.
  8904 | D:8      | Found a shadowy altar of Dithmenos.
  8983 | D:8      | Noticed nano's ghost (novice NaEn)
  9008 | D:8      | Killed nano's ghost
  9008 | D:8      | Reached skill level 6 in Armour
  9204 | D:8      | Reached skill level 7 in Armour
  9424 | D:8      | Reached ***** piety under Trog
  9424 | D:8      | Reached skill level 10 in Fighting
  9424 | D:8      | Reached XP level 10. HP: 73/93 MP: 10/10
 10037 | D:8      | Got an encrusted whip
 10264 | D:8      | Found a shattered altar of Ashenzari.
 10272 | D:8      | Identified the +9 whip of Light {flame, *Slow rF+ Str+4 SInv} (You found it on level 8 of the Dungeon)
 10505 | D:8      | Reached skill level 8 in Armour
 10563 | D:8      | Found a shimmering altar of Xom.
 10673 | D:9      | Reached skill level 5 in Dodging
 10934 | D:9      | Found a hide-covered altar of Uskayaw.
 11081 | D:9      | Found a shattered altar of Ashenzari.
 11603 | D:9      | Found a sparkling altar of Nemelex Xobeh.
 11713 | D:9      | Found a blossoming altar of Fedhas.
 11810 | D:10     | Entered Level 10 of the Dungeon
 11858 | D:10     | Found a staircase to the Lair.
 12436 | D:10     | Found a staircase to the Orcish Mines.
 12559 | D:10     | Noticed a hill giant
 12568 | D:10     | Killed a hill giant
 12568 | D:10     | Reached skill level 1 in Evocations
 12568 | D:10     | Reached XP level 11. HP: 95/101 MP: 11/11
 13256 | D:11     | Received a gift from Trog
 13440 | D:11     | Reached skill level 10 in Dodging
 13942 | Lair:1   | Entered Level 1 of the Lair of Beasts
 14076 | Lair:1   | Reached XP level 12. HP: 41/107 MP: 9/12
 14447 | Lair:1   | Received a gift from Trog
 14658 | Lair:1   | Reached ****** piety under Trog
 15547 | Lair:2   | Noticed a seven-headed hydra
 16069 | Lair:2   | Reached skill level 9 in Armour
 16270 | Lair:2   | Reached skill level 10 in Maces & Flails
 16357 | Lair:2   | Found a staircase to the Snake Pit.
 16508 | Lair:2   | Killed a seven-headed hydra
 17854 | Lair:2   | Reached skill level 10 in Armour
 18123 | Lair:3   | Identified a scroll of acquirement
 18283 | Lair:3   | Reached XP level 13. HP: 116/116 MP: 13/13
 19266 | Lair:4   | Received a gift from Trog
 20017 | Lair:4   | Found a staircase to the Swamp.
 20710 | Lair:4   | Got a coiled marble ring
 20712 | Lair:4   | Identified the ring of Sugeo {rPois Stlth+} (You found it on level 4 of the Lair of Beasts)
 21378 | Lair:5   | Reached skill level 15 in Maces & Flails
 21572 | Lair:5   | Noticed Snorg
 21583 | Lair:5   | Killed Snorg
 21583 | Lair:5   | Received a gift from Trog
 21583 | Lair:5   | Reached XP level 14. HP: 124/124 MP: 14/14
 21628 | Lair:5   | Noticed an entropy weaver
 21629 | Lair:5   | Noticed an entropy weaver
 23191 | D:13     | Reached skill level 11 in Armour
 23997 | D:13     | Found a gate to the Vaults.
 24565 | D:14     | Received a gift from Trog
 24874 | D:14     | Found a basalt altar of Yredelemnul.
 24971 | D:14     | Reached skill level 12 in Armour
 25609 | D:14     | Noticed a sphinx
 25627 | D:14     | Paralysed by a sphinx for 5 turns
 25640 | D:14     | Paralysed by a floating eye for 2 turns
 25649 | D:14     | Killed a sphinx
 25704 | D:14     | Reached XP level 15. HP: 83/136 MP: 13/15
 26462 | D:14     | Reached skill level 13 in Armour
 26641 | D:15     | Entered Level 15 of the Dungeon
 27655 | D:15     | Received a gift from Trog
 27692 | D:15     | Found a staircase to the Depths.
 28852 | Orc:1    | Entered Level 1 of the Orcish Mines
 28991 | Orc:2    | Entered Level 2 of the Orcish Mines
 29280 | Orc:1    | Received a gift from Trog
 29819 | Orc:2    | Reached skill level 14 in Armour
 30375 | Orc:2    | Received a gift from Trog
 30532 | Orc:2    | Found a staircase to the Elven Halls.
 30796 | Orc:2    | Reached skill level 15 in Fighting
 30854 | Orc:2    | Noticed Rupert
 30878 | Orc:2    | Killed Rupert
 30878 | Orc:2    | Reached XP level 16. HP: 115/149 MP: 12/16
 31046 | Orc:2    | Found Tymuv's Book Emporium.
 31046 | Orc:2    | Found Gilets's Food Shoppe.
 31046 | Orc:2    | Found Kecoruo's Jewellery Shoppe.
 31051 | Orc:2    | Found Qemi's Antique Armour Emporium.
 31089 | Orc:2    | Bought a bread ration for 70 gold pieces
 31089 | Orc:2    | Bought a bread ration for 70 gold pieces
 31089 | Orc:2    | Bought a meat ration for 70 gold pieces
 31089 | Orc:2    | Bought a meat ration for 70 gold pieces
 31089 | Orc:2    | Bought a meat ration for 70 gold pieces
 31089 | Orc:2    | Bought a meat ration for 70 gold pieces
 31089 | Orc:2    | Bought a meat ration for 70 gold pieces
 31089 | Orc:2    | Bought a meat ration for 70 gold pieces
 31089 | Orc:2    | Bought a bread ration for 70 gold pieces
 31091 | Orc:2    | Bought a pair of runed boots for 283 gold pieces
 32416 | Lair:5   | Found a viscous altar of Jiyva.
 32417 | Lair:5   | Found a staircase to the Slime Pits.
 32483 | Lair:5   | Received a gift from Trog
 32488 | Lair:5   | Got a warped rapier {god gift}
 32489 | Lair:5   | Identified the +2 rapier of Infinite Pain {vamp, MR+ Stlth+} (Trog gifted it to you on level 5 of the Lair of Beasts)
 32596 | Lair:5   | Reached skill level 15 in Armour
 32951 | Lair:6   | Entered Level 6 of the Lair of Beasts
 33978 | Lair:6   | Received a gift from Trog
 34681 | Swamp:1  | Entered Level 1 of the Swamp
 34958 | Swamp:1  | Noticed Kirke
 34978 | Swamp:1  | Killed Kirke
 34985 | Swamp:1  | Noticed a thorn hunter
 34991 | Swamp:1  | Killed a thorn hunter
 35238 | Swamp:1  | Reached skill level 16 in Armour
 35243 | Swamp:1  | Found a frozen archway.
 35265 | IceCv    | Entered an ice cave
 36065 | IceCv    | Reached XP level 17. HP: 77/160 MP: 8/17
 36338 | IceCv    | Got a slimy brass ring
 36353 | IceCv    | Identified the ring of the Eleven Blessings {+Fly MR+ Int+4} (You found it in an ice cave)
 36458 | Swamp:1  | Received a gift from Trog
 38474 | Swamp:2  | Reached skill level 17 in Armour
 38949 | Swamp:3  | Received a gift from Trog
 40380 | Swamp:4  | Entered Level 4 of the Swamp
 40477 | Swamp:4  | Gained mutation: Armour fits poorly on your strangely shaped body. [potion of mutation]
 40477 | Swamp:4  | Gained mutation: Your mind is acute. (Int +2) [potion of mutation]
 41075 | Swamp:4  | Received a gift from Trog
 41857 | Swamp:4  | Reached skill level 18 in Armour
 41861 | Swamp:4  | Reached XP level 18. HP: 99/171 MP: 7/18
 42549 | Swamp:4  | HP: 6/172 [slime creature (5)]
 43464 | Swamp:4  | Received a gift from Trog
 44021 | Swamp:4  | Got a decaying rune of Zot
 44414 | Snake:1  | Entered Level 1 of the Snake Pit
 45126 | Snake:1  | Received a gift from Trog
 45570 | Snake:1  | Found a runed door.
 45936 | Snake:1  | Reached skill level 19 in Armour
 46821 | Snake:2  | Received a gift from Trog
 47110 | Snake:2  | Reached skill level 1 in Crossbows
 48246 | Snake:2  | Reached skill level 5 in Crossbows
 48568 | Snake:2  | Reached XP level 19. HP: 123/180 MP: 0/19
 49274 | Snake:3  | Found an opulent altar of Gozag.
 49316 | Snake:3  | Received a gift from Trog
 50796 | Snake:4  | Entered Level 4 of the Snake Pit
 52370 | Snake:4  | Received a gift from Trog
 52539 | Snake:4  | Reached skill level 10 in Crossbows
 54459 | Snake:4  | Received a gift from Trog
 55287 | Snake:4  | Got a serpentine rune of Zot
 55796 | Elf:1    | Entered Level 1 of the Elven Halls
 57147 | Vaults:1 | Entered Level 1 of the Vaults
 57231 | Vaults:1 | Reached XP level 20. HP: 141/189 MP: 15/20
 58818 | Vaults:1 | Received a gift from Trog
 59345 | Vaults:1 | Received a gift from Trog
 59878 | Vaults:1 | Received a gift from Trog
 60559 | Vaults:1 | Received a gift from Trog
 60783 | Vaults:2 | Found a staircase to the Crypt.
 61704 | Vaults:2 | Mangled by a vault warden simulacrum

Skill      XL: |  1  2  3  4  5  6  7  8  9 10 11 12 13 14 15 16 17 18 19 20 |
---------------+-------------------------------------------------------------+-----
Maces & Flails | 4 5 6 8 9 11 15 | 15.6
Fighting       | 4 7 10 11 13 15 16 17 18 | 18.7
Armour         | 3 5 7 8 10 12 14 16 18 19 | 19.1
Dodging        | 2 3 4 8 11 12 13 14 | 14.7
Evocations     | 1 |  1.0
Crossbows      | 5 12 14 | 14.0
Throwing       | |  0.8

Action                   |  1- 3 |  4- 6 |  7- 9 | 10-12 | 13-15 | 16-18 | 19-21 || total
-------------------------+-------+-------+-------+-------+-------+-------+-------++-------
Melee: Mace              |    87 |       |       |       |       |       |       ||    87
       Whip              |    37 |   301 |   296 |   876 |  2176 |  2695 |  1182 ||  7563
       Dire flail        |       |       |    92 |       |       |       |       ||    92
       Flail             |       |       |    19 |    94 |       |       |       ||   113
 Fire: Triple crossbow   |       |       |       |       |       |    36 |   252 ||   288
Throw: Stone             |    43 |    31 |    25 |       |       |       |       ||    99
Invok: Burn Spellbooks   |       |     1 |     1 |     2 |     3 |     5 |       ||    12
       Berserk           |       |     4 |     8 |     2 |     1 |    12 |     1 ||    28
       Trog's Hand       |       |       |       |       |     1 |       |       ||     1
       Brothers in Arms  |       |       |       |       |       |       |     4 ||     4
 Abil: Stop Flying       |       |       |       |       |       |     1 |       ||     1
Evoke: Wand              |       |       |       |     4 |     2 |     7 |     3 ||    16
  Use: Scroll            |       |     4 |    14 |     8 |     7 |    15 |     8 ||    56
       Potion            |       |       |       |     5 |     9 |    19 |     6 ||    39
  Eat: Chunk             |     2 |    13 |    16 |    15 |    18 |     3 |     5 ||    72
       Pizza             |       |       |     2 |     3 |     8 |     1 |       ||    14
       Fruit             |       |       |     5 |       |       |     6 |     7 ||    18
       Beef jerky        |       |       |       |     5 |     1 |     3 |     1 ||    10
       Royal jelly       |       |       |       |     1 |     8 |     5 |       ||    14
       Meat ration       |       |       |       |     1 |       |    10 |     2 ||    13
       Bread ration      |       |       |       |       |       |       |     4 ||     4
Armor: Ring mail         |    35 |    55 |       |       |       |       |       ||    90
       Chain mail        |       |     8 |   107 |       |       |       |       ||   115
       Plate armour      |       |       |    71 |   465 |       |       |       ||   536
       Crystal plate arm |       |       |       |    30 |  1172 |  1672 |   774 ||  3648
Dodge: Dodged            |    78 |   106 |   142 |   408 |   820 |  1198 |   592 ||  3344
